 Dungeon Crawl Stone Soup version 0.21.1-1-g345015fe64 (webtiles) character file.

670 OlSheep the Caller (level 7, 4/37 HPs)
             Began as a Tengu Summoner on June 23, 2018.
             Quit the game on level 4 of the Dungeon.
             The game lasted 00:27:24 (4243 turns).

OlSheep the Caller (Tengu Summoner)                 Turns: 4243, Time: 00:27:25

Health: 4/37       AC:  3    Str:  8 (10) XL:     7   Next: 58%
Magic:  5/15       EV: 12    Int: 16 (18) God:
Gold:   280        SH:  0    Dex: 11 (14) Spells: 10/16 levels left

rFire    . . .     SeeInvis .   o - +0 spear
rCold    . . .     Gourm    .   (no shield)
rNeg     . . .     Faith    .   a - +0 robe
rPois    +         Spirit   .   (helmet restricted)
rElec    .         Reflect  .   (no cloak)
rCorr    +         Harm     .   k - +0 pair of gloves
MR       .....                  (boots unavailable)
Stlth    ++........             (no amulet)
HPRegen  0.12/turn              p - ring of resist corrosion
MPRegen  0.14/turn              f - +1 ring of slaying

@: lethally poisoned (4 -> -4)
A: beak, talons 3, clever 1, mutation resistance 1, poison resistance, able to
fly 1
a: Fly


You were on level 4 of the Dungeon.
You were not hungry.

You visited 1 branch of the dungeon, and saw 5 of its levels.

You collected 280 gold pieces.

Inventory:

Hand Weapons
 d - a +0 dagger
 e - a +1 whip
 o - a +0 spear (weapon)
Armour
 a - a +0 robe (worn)
 k - a +0 pair of gloves (worn)
 r - a +2 animal skin
Jewellery
 f - a +1 ring of slaying (right hand)
 p - a ring of resist corrosion (left hand)
Scrolls
 g - a scroll of enchant armour {unknown}
 h - a scroll of magic mapping {unknown}
 l - a scroll of enchant weapon
 q - 2 scrolls of fear {unknown}
 s - 2 scrolls of amnesia
Potions
 m - a potion of curing
Books
 b - a book of Callings

   Spells                             Type                      Level
   a - Summon Small Mammal            Summoning                    1
   b - Call Imp                       Summoning                    2
   c - Call Canine Familiar           Summoning                    3
   d - Summon Guardian Golem          Hexes/Summoning              3
   e - Summon Lightning Spire         Summoning/Air                4
   f - Summon Ice Beast               Ice/Summoning                4
Comestibles
 c - 9 rations


   Skills:
 + Level 0.6 Fighting
 * Level 2.7 Polearms
 + Level 2.6 Dodging
 + Level 2.6 Stealth
 + Level 5.1 Spellcasting
 + Level 7.6 Summonings


You had 10 spell levels left.
You knew the following spells:

 Your Spells              Type           Power        Failure   Level  Hunger
a - Summon Small Mammal   Summ           ####         1%          1    None
b - Call Imp              Summ           ####....     1%          2    #......
c - Call Canine Familiar  Summ           ####....     1%          3    ###....


Dungeon Overview and Level Annotations

Branches:
Dungeon (5/15)
 Temple: D:4-7

Altars:

Annotations:
D:5 Eustachio


Innate Abilities, Weirdness & Mutations

You have a beak for a mouth.
You have claws for feet.
You can fly.
Your mind is acute. (Int +2)
You are somewhat resistant to further mutation.
Your system is resistant to poisons. (rPois)


Message History

You are too injured to fight recklessly!
You are too injured to fight recklessly!
You are too injured to fight recklessly!
You are too injured to fight recklessly!
You are too injured to fight recklessly!
You are too injured to fight recklessly!
You are too injured to fight recklessly!
You are too injured to fight recklessly!
You are too injured to fight recklessly!
You are too injured to fight recklessly!
You are too injured to fight recklessly!
You are too injured to fight recklessly!
You are too injured to fight recklessly!
You are too injured to fight recklessly!
You are too injured to fight recklessly!
You are too injured to fight recklessly!
You are too injured to fight recklessly!
You are too injured to fight recklessly!
You are too injured to fight recklessly!
Are you sure you want to abandon this character and quit the game? (Confirm with "yes".)

#.###...##
#.##.###.# #....#
#.##########
####.###).......<..
##...###########
###.# #.#
#.###############
#..@yooy........#
###############o#
#.# #.# #.# #.# #h#
#y#### #.o.h5


You could see 2 killer bees, an orc priest and an orc wizard.

Vanquished Creatures
  A scorpion (D:3)
  A killer bee (D:4)
  An orc wizard (D:3)
  2 worker ants
  An adder (D:3)
  A dart slug (D:5)
  3 leopard geckos
  2 orcs (D:3)
  3 giant cockroaches
  3 goblins (D:3)
  A hobgoblin (D:3)
  A quokka (D:4)
  A ball python (D:4)
  2 frilled lizards
  6 rats
29 creatures vanquished.

Vanquished Creatures (collateral kills)
  The ghost of zuik the Conjurer, a novice DEFE of Vehumet (D:5)
  The ghost of Jyngge the Shield-Bearer, an amateur MiFi (D:4)
  A centaur (D:5)
  A centaur skeleton (D:4)
  A jelly (D:2)
  A hound (D:3)
  2 orc wizards
  Robin (D:3)
  4 adders
  3 oozes
  2 adder skeletons
  4 worms
  3 dart slugs
  8 orcs
  4 giant cockroaches
  11 goblins
  11 hobgoblins
  A ball python (D:2)
  2 bats
  4 frilled lizards
  8 kobolds
  5 rats
79 creatures vanquished.

Grand Total: 108 creatures vanquished

Notes
Turn   | Place    | Note
-------+----------+-------------------------------------------
     0 | D:1      | OlSheep the Tengu Summoner began the quest for the Orb.
     0 | D:1      | Reached XP level 1. HP: 10/10 MP: 4/4
    90 | D:1      | Reached skill level 5 in Summonings
   236 | D:1      | Reached XP level 2. HP: 15/15 MP: 3/6
   890 | D:2      | Reached XP level 3. HP: 19/19 MP: 7/7
  1093 | D:2      | Learned a level 2 spell: Call Imp
  1499 | D:2      | Reached skill level 6 in Summonings
  1499 | D:2      | Reached XP level 4. HP: 24/24 MP: 4/9
  1801 | D:2      | Learned a level 3 spell: Call Canine Familiar
  2211 | D:3      | Noticed Robin
  2220 | D:3      | Killed Robin
  2220 | D:3      | Gained mutation: You can fly. [Tengu growth]
  2220 | D:3      | Reached XP level 5. HP: 28/28 MP: 4/10
  2226 | D:3      | Got a dazzling helmet
  2377 | D:3      | Reached skill level 1 in Polearms
  2997 | D:4      | Noticed an ogre
  3068 | D:4      | Reached XP level 6. HP: 26/33 MP: 2/12
  3099 | D:4      | Noticed Jyngge's ghost (amateur MiFi)
  3110 | D:5      | Entered Level 5 of the Dungeon
  3226 | D:5      | Noticed zuik's ghost (novice DEFE)
  3249 | D:5      | Killed zuik's ghost
  3249 | D:5      | Reached skill level 7 in Summonings
  3249 | D:5      | Reached XP level 7. HP: 33/37 MP: 3/14
  3325 | D:5      | Noticed Eustachio
  3420 | D:4      | Found a glowing drain.
  3710 | D:4      | Gained mutation: Your system is resistant to poisons. (rPois) [potion of mutation]
  3710 | D:4      | Gained mutation: Your mind is acute. (Int +2) [potion of mutation]
  3710 | D:4      | Gained mutation: You are somewhat resistant to further mutation. [potion of mutation]
  3718 | D:4      | Killed Jyngge's ghost
  4241 | D:4      | Reached skill level 5 in Spellcasting
  4243 | D:4      | Quit the game

Skill      XL: |  1  2  3  4  5  6  7 |
---------------+----------------------+-----
Summonings     | 5 6 7 |  7.6
Spellcasting   | 3 4 5 |  5.1
Polearms       | 1 2 |  2.7
Fighting       | |  0.6
Dodging        | |  2.6
Stealth        | |  2.6

Action                   |  1- 3 |  4- 6 |  7- 9 || total
-------------------------+-------+-------+-------++-------
Melee: Whip              |    17 |       |       ||    17
       Unarmed           |     2 |       |       ||     2
       Peck              |     4 |     4 |     6 ||    14
       Kick              |     4 |    12 |     7 ||    23
       Spear             |       |    69 |    51 ||   120
 Cast: Summon Small Mamm |    74 |    40 |    19 ||   133
       Call Imp          |     9 |    14 |    10 ||    33
       Call Canine Famil |       |    13 |    14 ||    27
  Use: Scroll            |     5 |     1 |       ||     6
       Potion            |       |       |     8 ||     8
 Stab: Sleeping          |     1 |     3 |       ||     4
       Distracted        |       |       |     2 ||     2
  Eat: Chunk             |     3 |     4 |     2 ||     9
       Ration            |       |     1 |     1 ||     2
Armor: Robe              |     9 |     4 |     8 ||    21
       Skin              |       |       |    11 ||    11
Dodge: Dodged            |    19 |    32 |    43 ||    94
